 Dungeon Crawl Stone Soup version 0.17.0-1-g61d176b (webtiles) character file.

135 McCoppin the Skirmisher (level 5, -2/43 HPs)
             Began as a Formicid Chaos Knight on Nov 7, 2015.
             Slain by a hobgoblin (4 damage)
             ... on level 3 of the Dungeon.
             The game lasted 00:05:30 (1132 turns).

McCoppin the Skirmisher (Formicid Chaos Knight)     Turns: 1132, Time: 00:05:30

Health: -2/43      AC: 10    Str: 18      XL:     5   Next: 41%
Magic:  5/5        EV: 10    Int: 11      God:    Xom [*.....]
Gold:   184        SH:  0    Dex: 12 (13) Spells: 0 memorised, 4 levels left

rFire  . . .     SeeInvis +     a - +0 mace (chaos)
rCold  . . .     Clarity  .     k - +0 plate armour
rNeg   . . .     SustAt   .     (no shield)
rPois  .         Gourm    .     (helmet unavailable)
rElec  .         Spirit   .     (no cloak)
rCorr  .         Warding  .     (no gloves)
rMut   .         Stasis   +     (no boots)
MR     .....                    (no amulet)
Stlth  ..........               (no ring)
                                (no ring)

@: agile, lethally poisoned (-2 -> -3), not resistant to hostile enchantments,
extremely unstealthy
A: permanent stasis, dig shafts and tunnels, four strong arms, antennae 3,
clumsy 1, subdued magic 1
a: Dig, Shaft Self, Renounce Religion


You were on level 3 of the Dungeon.
You worshipped Xom.
You were a special plaything of Xom.
You were not hungry.

You visited 1 branch of the dungeon, and saw 3 of its levels.

You collected 184 gold pieces.

Inventory:

Hand Weapons
 a - a +0 mace of chaos (weapon)
Armour
 b - a +2 leather armour
 k - a +0 plate armour (worn)
Jewellery
 p - an uncursed ring of positive energy {unknown}
Wands
 s - a wand of hasting (6)
Scrolls
 d - 2 scrolls of teleportation {unknown}
 e - 3 scrolls of amnesia {unknown}
 l - 2 scrolls of identify {unknown}
 o - 2 scrolls of immolation {unknown}
 r - a scroll of remove curse {unknown}
Potions
 g - a potion of agility
 i - 2 potions of flight {unknown}
 j - a potion of might {unknown}
 m - a potion of haste {unknown}
 q - a potion of heal wounds {unknown}
Comestibles
 c - 3 bread rations
 f - a slice of pizza
 h - 2 meat rations
 n - a chunk of flesh


   Skills:
 + Level 4.8 Fighting
 + Level 4.6 Maces & Flails
 - Level 2.1 Armour
 - Level 0.8 Dodging


You had 4 spell levels left.
You didn't know any spells.

Dungeon Overview and Level Annotations

Branches:
Dungeon (3/15)

Altars:


Innate Abilities, Weirdness & Mutations

You are under a permanent stasis effect.
You can dig through walls and to a lower floor.
Your four strong arms can wield two-handed weapons with a shield.
You have a pair of large antennae on your head (SInv).
You are clumsy. (Dex -2)
Your spells are a little easier to cast, but a little less powerful.


Message History

You hit the orc. You burn the orc.
The orc is severely wounded.
The hobgoblin hits you but does no damage.
The orc hits you but does no damage.
Your plate armour prevents you from hitting the orc.
The orc is severely wounded.
The hobgoblin hits you but does no damage.
The orc hits you with a club.
* * * LOW HITPOINT WARNING * * *
You barely miss the orc.
The orc is severely wounded.
* * * LOW HITPOINT WARNING * * *
You feel sick.
The hobgoblin hits you but does no damage.
Drink which item? (? for menu, Esc to quit)
It was a potion of agility.
You feel agile all of a sudden. The orc hits you but does no damage.
The hobgoblin hits you.
You die... "Boring in life, boring in death..."

...................#
##!##.............##
#.......#........##
..#..........###..##
.
#####.#.##.####..###
#...$..(...#...#
#.......(....##
........[.....# {
#........o@....#
#........)g.......
..................
..>...........###
............##
#............
#.##########. #. ##


You could see an orc and a hobgoblin.

Vanquished Creatures
  Jessica (D:2)
  4 adders
  2 oozes (D:2)
  2 worms
  2 orcs (D:3)
  A ball python (D:2)
  11 hobgoblins
  3 jackals (D:1)
  11 kobolds
  5 bats
  A giant cockroach (D:1)
  3 giant geckos (D:1)
  3 giant newts
  5 goblins
  7 rats
61 creatures vanquished.

Notes
Turn   | Place    | Note
--------------------------------------------------------------
     0 | D:1      | McCoppin the Formicid Chaos Knight began the quest for the Orb.
     0 | D:1      | Reached XP level 1. HP: 18/18 MP: 1/1
    76 | D:1      | Reached XP level 2. HP: 24/24 MP: 2/2
   202 | D:1      | Reached XP level 3. HP: 27/30 MP: 3/3
   419 | D:1      | XOM: silly message
   433 | D:2      | Found a faded altar to an unknown god.
   470 | D:2      | Reached skill level 4 in Fighting
   503 | D:2      | Reached XP level 4. HP: 35/37 MP: 4/4
   626 | D:2      | Noticed Jessica
   630 | D:2      | XOM: noise
   634 | D:2      | Killed Jessica
   679 | D:2      | Reached XP level 5. HP: 43/43 MP: 5/5
  1032 | D:2      | XOM: give mutations
  1032 | D:2      | Gained mutation: You are clumsy. (Dex -2) [Xom's mischief]
  1032 | D:2      | Gained mutation: Your spells are a little easier to cast, but a little less powerful. [Xom's mischief]
  1052 | D:3      | XOM: stat loss: -1 Dex (7/8)
  1131 | D:3      | HP: 2/43 [poisoned by an orc]
  1132 | D:3      | Slain by a hobgoblin

Action                   |  1- 3 |  4- 6 || total
-------------------------+-------+-------++-------
Melee: Mace              |    86 |    91 ||   177
  Use: Potion            |       |     1 ||     1
 Stab: Petrifying        |     1 |       ||     1
       Paralysed         |     1 |       ||     1
  Eat: Chunk             |       |     1 ||     1
